Map: Lost and Found LE

Players

Zanster - Winner!

  • Race: Zerg Zerg
  • Spawn Location: 7:00

JonSnow

  • Race: Zerg Zerg
  • Spawn Location: 1:00

Event: WCS Montreal 2018

VOD

Have the link to the VOD?

Description

Time

  • Played on: Sept. 7, 2018, 3:52 p.m.
  • Length: 8:55

All games in this series

Show
View Real Time Build Order
Export as new Build Order

Zanster Zerg - Winner!

Build Orders: Hatch First 

Get SALT Encoding   

  12  0:00  Drone  
  13  0:13  Overlord  
  13  0:18  Drone  
  14  0:31  Drone  
  14  0:32  Drone  
  16  0:48  Hatchery  
  15  0:51  Drone  
  15  0:54  Drone  
  17  0:58  Drone  
  18  1:08  Extractor  
  17  1:13  Spawning Pool  
  17  1:15  Drone  
  17  1:19  Drone  
  18  1:28  Drone  
  19  1:41  Drone  
  20  1:51  Overlord  
  20  1:59  Queen  
  20  2:00  Drone, Queen  
  20  2:01  Drone  
  26  2:11  Drone, Metabolic Boost  
  26  2:12  Drone  
  28  2:21  Drone  
  29  2:23  Drone  
  30  2:34  Hatchery, Zergling x2  
  30  2:37  Zergling x2  
  30  2:43  Queen  
  33  2:46  Zergling x2  
  33  2:51  Overlord  
  34  2:54  Drone  
  34  2:55  Drone  
  36  3:06  Overlord  
  36  3:09  Roach Warren  
  35  3:13  Zergling x6  
  35  3:15  Zergling x2  
  35  3:18  Zergling x2  
  35  3:19  Zergling x2  
  41  3:27  Drone x3  
  41  3:33  Drone x2  
  46  3:40  Overlord  
  46  3:42  Drone  
  46  3:45  Evolution Chamber  
  46  3:48  Drone  
  47  3:53  Drone  
  47  3:55  Drone x5  
  53  3:57  Drone  
  53  4:00  Drone  
  53  4:13  Overlord  
  53  4:16  Extractor, Zerg Missile Weapons Level 1  
  51  4:17  Roach x4  
  51  4:20  Roach  
  61  4:27  Lair  
  61  4:29  Drone x3  
  64  4:36  Overlord  
  64  4:37  Roach  
  65  4:40  Drone x4  
  65  4:42  Drone  
  70  4:52  Roach  
  71  4:53  Overlord  
  71  4:56  Drone x3  
  71  4:57  Drone  
  73  5:00  Drone  
  73  5:03  Drone  
  73  5:04  Extractor, Drone x2  
  73  5:06  Drone  
  78  5:07  Drone x2  
  78  5:12  Drone  
  78  5:13  Drone  
  81  5:16  Drone x3  
  81  5:18  Overlord  
  81  5:20  Overlord  
  84  5:25  Glial Reconstitution  
  84  5:27  Drone x3  
  87  5:30  Extractor x2, Drone x2  
  87  5:33  Overseer  
  87  5:35  Overlord  
  86  5:36  Drone  
  86  5:40  Overlord  
  87  5:46  Drone x4  
  91  5:50  Extractor  
  91  5:52  Hatchery  
  91  5:54  Roach x3  
  91  5:55  Roach  
  97  5:57  Overlord  
  97  6:01  Roach  
  97  6:02  Roach  
  97  6:03  Roach  
  103  6:04  Overlord  
  103  6:07  Drone  
  103  6:09  Roach x2  
  103  6:10  Roach  
  110  6:15  Overlord  
  110  6:20  Roach x3  
  110  6:22  Roach  
  110  6:25  Overlord  
  118  6:32  Roach x3  
  128  6:33  Roach x2  
  128  6:34  Overlord  
  128  6:35  Zerg Missile Weapons Level 2  
  128  6:36  Roach  
  130  6:41  Roach  
  130  6:42  Roach x3  
  130  6:45  Overlord  
  138  6:47  Burrow  
  138  6:53  Tunneling Claws  
  138  6:54  Overlord  
  138  7:01  Roach x6  
  142  7:06  Overlord  
  142  7:14  Roach  
  142  7:15  Roach x6  
  148  7:20  Roach x3  
  142  7:27  Roach x5  
  144  7:32  Drone  
  144  7:33  Drone x2  
  140  7:38  Roach  
  140  7:42  Overseer  
  142  7:47  Roach x4  
  150  7:51  Queen  
  150  7:52  Roach x3  
  150  7:55  Ravager x2  
  160  8:00  Roach  
  160  8:02  Roach  
  160  8:03  Roach x4  
  172  8:06  Roach  
  172  8:07  Roach  
  172  8:09  Roach x2  
  172  8:11  Overlord  
  180  8:15  Overlord  
  180  8:17  Roach x10  
  180  8:18  Roach x3  
  180  8:25  Roach x2  
  180  8:26  Overlord  
  184  8:33  Roach x7  
Show
View Real Time Build Order
Export as new Build Order

JonSnow Zerg 

Build Orders: Hatch First 

Get SALT Encoding   

  12  0:01  Drone  
  13  0:13  Overlord  
  13  0:17  Drone  
  14  0:32  Drone x2  
  14  0:35  Drone  
  17  0:52  Hatchery  
  17  0:55  Drone  
  17  0:59  Drone  
  18  1:12  Spawning Pool  
  18  1:15  Drone  
  18  1:18  Extractor  
  17  1:21  Drone  
  18  1:29  Drone  
  19  1:39  Drone  
  20  1:51  Overlord  
  20  2:02  Zergling x2  
  20  2:04  Zergling x2  
  20  2:05  Queen x2  
  26  2:12  Drone  
  27  2:16  Drone  
  27  2:18  Metabolic Boost  
  28  2:23  Drone  
  28  2:26  Drone  
  30  2:33  Drone  
  31  2:41  Hatchery  
  30  2:45  Drone  
  31  2:52  Overlord  
  31  2:53  Baneling Nest  
  31  2:57  Drone x2  
  32  3:05  Overlord  
  32  3:11  Zergling x4  
  34  3:14  Queen  
  34  3:18  Drone  
  37  3:20  Drone x2  
  37  3:25  Zergling x4  
  41  3:29  Drone x2  
  43  3:38  Baneling  
  43  3:39  Baneling  
  43  3:40  Drone x2  
  45  3:41  Baneling  
  45  3:46  Zergling x4  
  47  3:50  Overlord  
  47  4:01  Drone  
  48  4:05  Drone x2  
  48  4:06  Drone x2  
  50  4:16  Baneling x2  
  50  4:18  Drone  
  50  4:19  Drone x9  
  50  4:20  Extractor  
  50  4:22  Extractor  
  58  4:25  Evolution Chamber  
  58  4:28  Zergling x4  
  59  4:33  Overlord  
  59  4:36  Roach Warren  
  59  4:37  Overlord  
  58  4:44  Drone x4  
  62  4:49  Overlord  
  60  4:54  Zerg Missile Weapons Level 1  
  60  4:58  Overlord x2  
  60  5:03  Overlord, Lair  
  60  5:08  Extractor  
  60  5:10  Drone x2  
  60  5:13  Overlord  
  60  5:25  Drone  
  60  5:26  Drone x10  
  60  5:28  Drone  
  72  5:29  Drone x3  
  72  5:34  Drone  
  74  5:37  Extractor  
  73  5:45  Hatchery  
  73  5:48  Extractor  
  73  5:49  Drone x3  
  75  5:50  Drone, Roach x3  
  81  6:00  Overlord  
  81  6:05  Glial Reconstitution  
  81  6:07  Drone  
  81  6:08  Evolution Chamber  
  81  6:11  Overseer  
  81  6:17  Roach x10  
  101  6:26  Overlord  
  101  6:28  Queen  
  101  6:30  Roach  
  101  6:31  Roach x4  
  113  6:35  Overlord  
  113  6:36  Overlord  
  113  6:39  Zerg Ground Armor Level 1  
  113  6:40  Ravager x3  
  113  6:41  Ravager  
  116  6:47  Roach  
  116  6:48  Roach x3  
  116  6:53  Roach  
  126  6:59  Roach  
  126  7:00  Roach x3  
  130  7:04  Roach  
  130  7:05  Roach  
  120  7:09  Roach x2  
  120  7:14  Roach x2  
  120  7:15  Roach  
  111  7:18  Roach  
  111  7:21  Roach  
  103  7:24  Roach  
  103  7:25  Roach  
  105  7:32  Roach  
  105  7:33  Roach x2  
  110  7:37  Queen  
  110  7:39  Roach  
  110  7:40  Roach  
  116  7:44  Ravager  
  116  7:46  Drone x5  
  116  7:48  Drone  
  116  7:49  Drone  
  124  7:56  Roach x3  
  124  7:58  Ravager  
  131  7:59  Drone x3  
  131  8:03  Drone  
  131  8:05  Queen  
  135  8:08  Roach  
  135  8:09  Roach  
  135  8:12  Ravager  
  144  8:13  Roach  
  144  8:14  Overlord  
  144  8:15  Overseer  
  144  8:20  Roach x2  
  144  8:21  Roach  
  150  8:27  Roach  
  150  8:28  Overlord  
  150  8:29  Overseer  
  152  8:35  Roach  
  152  8:36  Roach x3  
Tags
 
Add a new tag
Caveats
  • Supply blocks, unpowered buildings, or Contaminate may cause inaccurate times.
  • Supply counts are checked every 10 seconds.